Match 47095693
Unlisted

Match 47095693
End
Selects Australian Defense Battlegroup
Selects Australian Light Infantry Section
Australian Light Infantry Section
Vickers Machine Gun Team
Australian Light Infantry Section
Construct Section Command Post
ML 3-inch Mortar Team
Construct Platoon Command Post
Humber Armored Car
6-pounder Anti-tank Gun Team
Selects CMP 15cwt Supply Run
Selects Reinforced Resource Caches
Construct Company Command Post
Construct Company Command Post
Crusader II Medium Tank
Unlock M3 Grant Medium Tanks
M3 Grant Medium Tank
M3 Grant Medium Tank
WasaBee
菠萝君
Galaxy President Kim Jong Un
TSBS
/\/\au5er
1 DPanc. | kazik12bbsp
NZT-48-
ionwood
0
0

Comments sign in to comment!

No comments posted yet!